 Dungeon Crawl Stone Soup version 0.30.1-11-g7821555f0a (webtiles) character file.

Game seed: 18101098524929427452

18 ChrisAssaf the Vexing (level 2, 0/21 HPs)
             Began as a Human Hexslinger on Nov 26, 2023.
             Slain by a black bear (1 damage)
             ... on level 5 of the Dungeon.
             The game lasted 00:05:28 (983 turns).

ChrisAssaf the Vexing (Human Hexslinger)             Turns: 983, Time: 00:05:30

Health: 0/21       AC:  5    Str:  7 (10) XL:     2   Next: 85%
Magic:  1/3        EV: 12    Int: 10 (13) God:
Gold:   88         SH:  0    Dex: 11 (13) Spells: 1/3 levels left

rFire   . . .        a - +1 sling
rCold   . . .        (no shield)
rNeg    . . .        c - +1 robe
rPois   .            (no helmet)
rElec   .            (no cloak)
rCorr   .            e - +1 pair of gloves
SInv    .            (no boots)
Will    .....        (no amulet)
Stlth   +            (no ring)
HPRegen 0.23/turn    (no ring)
MPRegen 0.08/turn

%: no passive effects
@: no status effects
A: no striking features
a: no special abilities


You were on level 5 of the Dungeon.
You visited 1 branch of the dungeon, and saw 4 of its levels.

You collected 88 gold pieces.

Inventory:

Hand Weapons
 a - a +1 sling (weapon)
Armour
 c - a +1 robe (worn)
 e - a +1 pair of gloves (worn)
Scrolls
 b - a scroll of vulnerability
 f - a scroll of silence
Potions
 g - 2 potions of brilliance
 h - a potion of ambrosia {unknown}
 i - a potion of mutation {unknown}


   Skills:
 * Level 1.2 Fighting
 * Level 2.4 Ranged Weapons
 * Level 0.4 Armour
 * Level 2.1 Dodging
 * Level 0.2 Stealth
 * Level 1.1 Spellcasting
 * Level 3.1 Hexes


You had one spell level left.
You knew the following spells:

 Your Spells              Type           Power      Damage    Failure   Level
a - Slow                  Hex            24%        N/A       10%         1
b - Freeze                Ice            0%         1d3       34%         1

Your spell library contained the following spells:

 Spells                   Type           Power      Damage    Failure   Level
 Dazzling Flash           Conj/Hex       6%         N/A       47%         3
 Inner Flame              Hex/Fire       3%         N/A       47%         3
 Portal Projectile        Hex/Tloc       6%         N/A       47%         3
 Cause Fear               Hex            3%         N/A       67%         4
 Frozen Ramparts          Ice            0%         1d1       71%         3
 Hailstorm                Conj/Ice       0%         3d3       71%         3
 Silence                  Hex/Air        1%         N/A       99%         5
 Agony                    Necr           0%         N/A       100%        5


Dungeon Overview and Level Annotations

Branches:
Dungeon (5/15)
 Temple: D:4-7

Altars:
Okawaru

Annotations:
D:2 Sigmund


Message History

The black bear claws you but does no damage.
Casting: Slow (safe; 8% risk of failure)
Confirm with . or Enter, or press ? or * to list all spells.
Aiming: Slow (safe; 8% risk of failure)
Press: ? - help, Shift-Dir - straight line, f/p - black bear
Aim: a black bear (moderately wounded, chance to affect: 41%)
The black bear resists with some effort.
The black bear bites you!
The black bear claws you but does no damage. x2
It was a potion of degeneration.
There was something very wrong with that liquid.
You feel weakened.
You feel dopey.
You feel clumsy. The black bear bites you. The black bear closely misses you.
The black bear claws you but does no damage.
It was a potion of magic.
Magic courses through your body. The black bear bites you.
* * * LOW HITPOINT WARNING * * *
The black bear claws you.
* * * LOW HITPOINT WARNING * * *
The black bear closely misses you.
Casting: Slow (safe; 10% risk of failure)
Confirm with . or Enter, or press ? or * to list all spells.
Aiming: Slow (safe; 10% risk of failure)
Press: ? - help, Shift-Dir - straight line, f/p - black bear
Aim: a black bear (moderately wounded, chance to affect: 39%)
The black bear resists with some effort.
The black bear bites you.
* * * LOW HITPOINT WARNING * * *
The black bear closely misses you.
The black bear claws you but does no damage.
Casting: Slow (safe; 10% risk of failure)
Confirm with . or Enter, or press ? or * to list all spells.
Aiming: Slow (safe; 10% risk of failure)
Press: ? - help, Shift-Dir - straight line, f/p - black bear
Aim: a black bear (moderately wounded, chance to affect: 39%)
The black bear seems to slow down.
The black bear barely misses you. The black bear claws you.
* * * LOW HITPOINT WARNING * * *
The black bear claws you.
You die...

. # #.###. #.....#
...#...##################
.......h@...............<
.#.######################


You could see a black bear (slow).

Vanquished Creatures
  An endoplasm (D:1)
  A giant cockroach (D:1)
  2 goblins (D:1)
  2 jackals (D:1)
  2 quokkas
  2 ball pythons
  2 bats
  A frilled lizard (D:2)
  2 kobolds (D:1)
  A rat (D:1)
16 creatures vanquished.

Notes
Turn   | Place    | Note
-------+----------+-------------------------------------------
     0 | D:1      | ChrisAssaf the Human Hexslinger began the quest for the
                  | Orb.
     0 | D:1      | Reached XP level 1. HP: 15/15 MP: 2/2
   307 | D:1      | Reached XP level 2. HP: 21/21 MP: 0/3
   565 | D:2      | Noticed Sigmund
   817 | D:1      | Learned a level 1 spell: Freeze
   925 | D:2      | Found an iron altar of Okawaru.
   929 | D:2      | You fall into a shaft and drop 2 floors!
   955 | D:5      | Entered Level 5 of the Dungeon
   971 | D:5      | Noticed a black bear
   983 | D:5      | HP: 1/21 [black bear (1)]
   983 | D:5      | Slain by a black bear

Illustrated notes

Levels and vault maps discovered:
D:1:      tekkud_arrival_beachfront_property, layout_basic, eino_curves_01,
          minmay_misc_feat_plants
D:2:      layout_rooms, basic_altar, uniq_sigmund
D:4:      layout_cave_pools, mainiacjoe_overflow_divided_tiny, uniq_robin
D:5:      layout_basic, zin_scriptorium, minmay_temple_entry_purple_smoke,
          gammafunk_ghost_necromancy, minmay_fractal_squares_5, uniq_pikel

Action                     || total
---------------------------++-------
   Fire: Sling             ||    51
   Cast: Slow              ||    17
    Use: Scroll            ||     5
         Potion            ||     2
 Armour: Robe              ||    16
  Dodge: Dodged            ||    42
